 Dungeon Crawl Stone Soup version 0.25.0-11-g1f837a76a1 (console) character file.

Game seed: 7758338113140342710

736 bli the Chiller (level 7, -2/51 HPs)
             Began as a Merfolk Ice Elementalist on June 25, 2020.
             Killed from afar by an orc wizard (5 damage)
             ... with a magic dart
             ... on level 5 of the Dungeon.
             The game lasted 00:20:13 (3891 turns).

bli the Chiller (Merfolk Ice Elementalist)          Turns: 3891, Time: 00:20:14

Health: -2/51      AC:  6    Str: 15    XL:     7   Next: 74%
Magic:  7/14       EV: 13    Int: 15    God:
Gold:   197        SH:  0    Dex: 15    Spells: 7/15 levels left

rFire    + . .     SeeInvis .   a - +0 spear
rCold    . . .     Gourm    .   (no shield)
rNeg     . . .     Faith    .   y - +2 leather armour {rF+}
rPois    .         Spirit   .   (no helmet)
rElec    .         Reflect  .   h - +0 cloak
rCorr    .         Harm     .   (no gloves)
MR       .....                  (no boots)
Stlth    ++........             (no amulet)
HPRegen  0.17/turn              p - +6 ring of strength
MPRegen  0.14/turn              (no ring)

@: flying, hasted, very quick
A: change form in water, swift swim, stealthy swim
a: no special abilities


You were on level 5 of the Dungeon.
You were not hungry.

You visited 1 branch of the dungeon, and saw 6 of its levels.

You collected 197 gold pieces.

Inventory:

Hand Weapons
 a - a +0 spear (weapon)
Missiles
 q - a boomerang of dispersal (quivered)
 A - 23 poisoned darts
Armour
 b - a +0 robe
 h - a +0 cloak (worn)
 y - a +2 leather armour of fire resistance (worn)
Jewellery
 p - a +6 ring of strength (left hand)
Scrolls
 d - a scroll of remove curse {unknown}
 e - 3 scrolls of teleportation {unknown}
 i - 4 scrolls of amnesia
 j - a scroll of blinking {unknown}
 l - a scroll of enchant weapon {unknown}
 m - a scroll of fear {unknown}
 r - 2 scrolls of magic mapping {unknown}
 s - 2 scrolls of immolation {unknown}
 v - a scroll of noise {unknown}
 w - 2 scrolls of identify {unknown}
Potions
 n - a potion of ambrosia {unknown}
 t - a potion of degeneration {unknown}
 u - a potion of cancellation
 x - a potion of might {unknown}
 z - a potion of heal wounds {unknown}
Comestibles
 c - 5 rations
 o - 16 chunks of flesh


   Skills:
 * Level 2.5 Fighting
 + Level 3.8 Polearms
 + Level 3.8 Dodging
 + Level 2.9 Stealth
 + Level 4.7 Spellcasting
 + Level 6.8 Ice Magic


You had 7 spell levels left.
You knew the following spells:

 Your Spells              Type           Power        Failure   Level  Hunger
a - Freeze                Ice            ###.         1%          1    None
b - Frozen Ramparts       Ice            ###...       3%          3    ###....
B - Summon Ice Beast      Ice/Summ       ##......     45%         4    ####...

Your spell library contained the following spells:

 Spells                   Type           Power        Failure   Level  Hunger
 Ozocubu's Armour         Chrm/Ice       ##......     16%         3    ###....
 Hailstorm                Conj/Ice       ##......     45%         4    ####...


Dungeon Overview and Level Annotations

Branches:
Dungeon (6/15)
 Temple: D:4-7

Altars:
Ashenzari
Yredelemnul
Zin

Annotations:
D:4 Blork the orc


Message History

Something hits you but does no damage.
Casting: Freeze (safe; 1% risk of failure)
Confirm with . or Enter, or press ? or * to list all spells.
Aiming: Freeze (safe; 1% risk of failure)
Press: ? - help, Shift-Dir - straight line, f/p - orc wizard
Aim: an orc wizard, wielding a +0 dagger and wearing a +0 robe (almost dead)
You freeze the orc wizard.
You kill the orc wizard!
Something hits you.
* * * LOW HITPOINT WARNING * * *
A magic dart appears from out of thin air!
The magic dart hits you.
* * * LOW HITPOINT WARNING * * *
There is an open gate here.
Items here: )) [ ÷÷ a +0 dagger; a +0 robe; a +0 short sword; an orc skeleton x2
You see here a +0 leather armour.
A magic dart appears from out of thin air!
The magic dart hits you.
You die...

###### #####....
.......# #.....#
#.....######
#..>........
#.....#####
#.....# #####@#
###.# #))[###
#.#)÷.# ###{''###
##..o....##
##..♣a..♣..##
#..♣.♣.♣.♣..##
#..♣...♣...♣..#
#..♣.♣.♣.♣.♣.♣..#
..♣...♣[..♣...♣..#


You could see a worker ant and an orc.

Vanquished Creatures
  Eustachio (D:4)
  A sky beast (D:5)
  A centaur (D:3)
  An orc priest (D:5)
  A hound (D:4)
  6 orc wizards
  A worker ant (D:2)
  4 adders
  An adder skeleton (D:4)
  3 worms (D:2)
  5 dart slugs
  3 leopard geckos
  27 orcs
  4 giant cockroaches
  9 goblins
  7 hobgoblins
  4 quokkas
  4 ball pythons
  4 bats
  3 frilled lizards
  7 kobolds
  5 rats
  A spectral orc (D:2)
103 creatures vanquished.

Notes
Turn   | Place    | Note
-------+----------+-------------------------------------------
     0 | D:1      | bli the Merfolk Ice Elementalist began the quest for the
                  | Orb.
     0 | D:1      | Reached XP level 1. HP: 13/13 MP: 3/3
   325 | D:1      | Reached XP level 2. HP: 17/19 MP: 3/5
   413 | D:1      | Reached skill level 5 in Ice Magic
   736 | D:2      | Reached XP level 3. HP: 18/24 MP: 3/6
   787 | D:2      | Reached skill level 1 in Polearms
  1425 | D:2      | Found a basalt altar of Yredelemnul.
  1491 | D:2      | Noticed an angel
  1492 | D:2      | Found a glowing silver altar of Zin.
  1522 | D:2      | Found a shattered altar of Ashenzari.
  1537 | D:2      | Reached XP level 4. HP: 30/30 MP: 3/8
  1792 | D:3      | Reached XP level 5. HP: 30/36 MP: 3/9
  2079 | D:3      | Noticed a centaur
  2130 | D:3      | Learned a level 3 spell: Frozen Ramparts
  2199 | D:3      | Killed a centaur
  2199 | D:3      | Reached XP level 6. HP: 28/42 MP: 6/11
  2972 | D:4      | Noticed Eustachio
  2995 | D:4      | Killed Eustachio
  2995 | D:4      | Reached skill level 1 in Fighting
  2995 | D:4      | Reached skill level 6 in Ice Magic
  3088 | D:4      | Noticed a phantom
  3103 | D:4      | Reached XP level 7. HP: 49/49 MP: 9/13
  3436 | D:4      | Noticed Blork the orc
  3464 | D:4      | You fall into a shaft and drop 2 floors!
  3490 | D:6      | Learned a level 4 spell: Summon Ice Beast
  3533 | D:5      | Entered Level 5 of the Dungeon
  3780 | D:5      | Learned a level 1 spell: Freeze
  3877 | D:5      | HP: 1/51 [poisoned by a worker ant]
  3885 | D:5      | HP: 2/51 [something/magic dart (3)]
  3891 | D:5      | Killed from afar by an orc wizard

Illustrated notes

Levels and vault maps discovered:
D:1:      minmay_arrival_solitary_statue, layout_rooms, minmay_box_of_dots
D:2:      layout_rooms, zin_angel, yredelemnul_forgotten_temple_becter,
          evilmike_ruin_ashenzari
D:3:      layout_basic, serial_bayou_pond_e
D:4:      layout_loops_ring, lemuel_blue_sif_altar, serial_bayou,
          serial_bayou_shore_a, serial_bayou_pond_e, serial_bayou_crossing,
          serial_bayou_lagoon_a, first_ration, trog_butcher_becter,
          uniq_eustachio, uniq_blork_the_orc, uniq_robin,
          uniq_crazy_yiuf_cottage
D:5:      layout_basic, hangedman_decor_points, kennysheep_cluttered_room,
          kennysheep_generic_room_10
D:6:      layout_loops_cross, nicolae_qazlal_style_of_elements

Skill      XL: |  1  2  3  4  5  6  7 |
---------------+----------------------+-----
Ice Magic      | 5 6 |  6.8
Polearms       | 2 3 |  3.8
Spellcasting   | 3 4 |  4.7
Dodging        | 3 |  3.8
Fighting       | 1 2 |  2.5
Stealth        | |  2.9

Action                   |  1- 3 |  4- 6 |  7- 9 || total
-------------------------+-------+-------+-------++-------
Melee: Spear             |    65 |    80 |    77 ||   222
       Unarmed           |     1 |       |       ||     1
       Tailslap          |       |       |     3 ||     3
Throw: Boomerang         |       |     1 |     1 ||     2
 Cast: Freeze            |    35 |    45 |    10 ||    90
       Frozen Ramparts   |       |     8 |     5 ||    13
  Use: Potion            |       |       |     4 ||     4
       Scroll            |       |       |     1 ||     1
 Stab: Sleeping          |     6 |     3 |     1 ||    10
  Eat: Chunk             |     3 |     5 |     1 ||     9
       Ration            |       |       |     1 ||     1
Armor: Robe              |    11 |    33 |     9 ||    53
       Leather armour    |       |       |     7 ||     7
Dodge: Dodged            |    38 |    88 |    54 ||   180
